 Dungeon Crawl Stone Soup version 0.22.1-1-ga44c0e5 (webtiles) character file.

79 whitewolfNL the Insei (level 4, 0/29 HPs)
             Began as an Octopode Transmuter on Sept 22, 2018.
             Succumbed to an adder's poison
             ... on level 2 of the Dungeon.
             The game lasted 00:07:53 (1972 turns).

whitewolfNL the Insei (Octopode Transmuter)         Turns: 1972, Time: 00:07:54

Health: 0/29       AC:  1    Str: 15    XL:     4   Next: 38%
Magic:  7/7        EV: 19    Int: 15    God:
Gold:   53         SH:  0    Dex: 17    Spells: 6/7 levels left

rFire    + . .     SeeInvis .     - Unarmed
rCold    + . .     Gourm    .   (no shield)
rNeg     . . .     Faith    .   (helmet restricted)
rPois    +         Spirit   .   (no amulet)
rElec    +         Reflect  .   (no ring)
rCorr    +         Harm     .   (no ring)
MR       .....                  (no ring)
Stlth    +++++.....             (no ring)
HPRegen  0.09/turn              (no ring)
MPRegen  0.10/turn              (no ring)
                                (no ring)
                                (no ring)

@: mighty, agile, lethally poisoned (0 -> -5), resistant, hasted, very quick
A: almost no armour, stealthy swim, amphibious, 8 rings, constrict 8, camouflage
1, gelatinous body 1
a: no special abilities


You were on level 2 of the Dungeon.
You were not hungry.

You visited 1 branch of the dungeon, and saw 2 of its levels.

You collected 53 gold pieces.

Inventory:

Missiles
 a - 12 arrows
 b - 70 sling bullets
 e - 10 poisoned needles
 h - 79 stones (quivered)
 s - 26 bolts
Scrolls
 d - a scroll of immolation {unknown}
 g - 2 scrolls of enchant weapon {unknown}
 i - 2 scrolls of teleportation {unknown}
 j - a scroll of identify {unknown}
 k - a scroll of blinking {unknown}
 l - a scroll of random uselessness {unknown}
 o - 3 scrolls of remove curse {unknown}
 p - 4 scrolls of magic mapping {unknown}
Comestibles
 c - 2 rations


   Skills:
 * Level 1.7 Fighting
 + Level 2.2 Dodging
 * Level 3.4 Stealth
 + Level 3.5 Unarmed Combat
 + Level 2.1 Spellcasting
 + Level 2.2 Transmutations


You had 6 spell levels left.
You knew the following spells:

 Your Spells              Type           Power        Failure   Level  Hunger
a - Beastly Appendage     Tmut           #.....       9%          1    #......

Your spell library contained the following spells:

 Spells                   Type           Power        Failure   Level  Hunger
 Sticks to Snakes         Tmut           #.......     13%         2    ###....
 Spider Form              Tmut/Pois      #.........   38%         3    ###....
 Ice Form                 Ice/Tmut       #.......     80%         4    #####..
 Blade Hands              Tmut           #.........   94%         5    ######.


Dungeon Overview and Level Annotations

Branches:
Dungeon (2/15)

Altars:


Innate Abilities, Weirdness & Mutations

You cannot wear most types of armour.
You are very stealthy in the water. (Stealth+)
You are amphibious.
You can wear up to eight rings at the same time.
You can use your tentacles to constrict eight enemies at once.
Your skin changes colour to match your surroundings (Stealth+).
Your rubbery body absorbs attacks. (AC +1, EV +1)


Message History

You feel sick. The adder closely misses you.
It was a potion of agility.
You feel agile all of a sudden. The adder bites you.
* * * LOW HITPOINT WARNING * * *
It was a potion of resistance.
You feel protected.
Your tentacle spike disappears.
The adder barely misses you.
You bludgeon the adder!
You kill the adder!
* * * LOW HITPOINT WARNING * * *
You feel sick.
You barely miss the adder. You grab the adder. You constrict the adder.
The adder closely misses you.
You bludgeon the adder!
The adder is almost dead.
You constrict the adder. You bludgeon the adder!
You kill the adder!
You die...

#.# #.# #.#
#.# #.# #.#
#.####.####.#
#......@†...#
######.####.#
#.# #.###
#...# #####.#
#.....#
#.##### #.#


There were no monsters in sight!

Vanquished Creatures
  2 adders (D:2)
  2 worms (D:2)
  A dart slug (D:1)
  4 leopard geckos
  2 ball pythons
  2 bats (D:1)
  A giant cockroach (D:1)
  8 goblins
  5 hobgoblins
  6 jackals (D:2)
  A quokka (D:2)
  3 frilled lizards
  5 kobolds
  4 rats
46 creatures vanquished.

Notes
Turn   | Place    | Note
-------+----------+-------------------------------------------
     0 | D:1      | whitewolfNL the Octopode Transmuter began the quest for the
                  | Orb.
     0 | D:1      | Reached XP level 1. HP: 13/13 MP: 3/3
   427 | D:1      | Reached XP level 2. HP: 18/18 MP: 5/5
   544 | D:1      | Reached skill level 1 in Stealth
   777 | D:1      | Reached XP level 3. HP: 23/23 MP: 6/6
  1041 | D:1      | You fall through a shaft!
  1954 | D:2      | Reached XP level 4. HP: 20/28 MP: 5/7
  1969 | D:2      | HP: 1/29 [poisoned by an adder]
  1972 | D:2      | Succumbed to an adder's poison

Skill      XL: |  1  2  3 |
---------------+----------+-----
Stealth        | 1 3 |  3.4
Fighting       | |  1.7
Dodging        | |  2.2
Unarmed Combat | |  3.5
Spellcasting   | |  2.1
Transmutations | |  2.2

Action                   |  1- 3 |  4- 6 || total
-------------------------+-------+-------++-------
Melee: Unarmed           |    85 |    14 ||    99
       Constrict         |    24 |     2 ||    26
       Tentacles         |    15 |     2 ||    17
       Punch             |     4 |       ||     4
       Kick              |     3 |       ||     3
 Cast: Beastly Appendage |    10 |       ||    10
  Use: Potion            |       |     4 ||     4
 Stab: Sleeping          |     9 |       ||     9
  Eat: Ration            |     1 |       ||     1
       Chunk             |     1 |       ||     1
Armor: Skin              |     2 |       ||     2
Dodge: Dodged            |    52 |     9 ||    61
